 Dungeon Crawl Stone Soup version 0.23.0 (webtiles) character file.

Game seed: 3011382461738128385

318 Kairos the Chopper (level 6, 0/32 HPs)
             Began as a Vine Stalker Fighter on Feb 12, 2019.
             Was an Initiate of Okawaru.
             Slain by Blork the orc
             ... wielding a +0 battleaxe of electrocution
              (9 damage)
             ... on level 4 of the Dungeon.
             The game lasted 00:03:41 (2624 turns).

Kairos the Chopper (Vine Stalker Fighter)           Turns: 2624, Time: 00:03:42

Health: 0/32       AC:  8    Str: 21    XL:     6   Next: 45%
Magic:  0/7        EV:  8    Int:  8    God:    Okawaru [......]
Gold:   209        SH:  9    Dex: 13    Spells: 5/5 levels left

rFire    + . .     SeeInvis .   a - +0 war axe
rCold    . . .     Gourm    .   c - +0 shield
rNeg     . . .     Faith    .   b - +1 scale mail
rPois    .         Spirit   +   x - +0 helmet
rElec    .         Reflect  .   (no cloak)
rCorr    .         Harm     .   (no gloves)
MR       .....                  (no boots)
Stlth    ..........             (no amulet)
HPRegen  0.50/turn              (no ring)
MPRegen  0.10/turn              m - ring of protection from fire

@: no status effects
A: fangs 2, regeneration 1, magic shield, antimagic bite, no potion heal 3, rot
immunity
a: Renounce Religion


You were on level 4 of the Dungeon.
You worshipped Okawaru.
Okawaru was noncommittal.
You were not hungry.

You visited 1 branch of the dungeon, and saw 4 of its levels.

You collected 209 gold pieces.

Inventory:

Hand Weapons
 a - a +0 war axe (weapon)
 l - a +1 whip of holy wrath
Missiles
 j - 9 javelins (quivered)
 n - 6 tomahawks
Armour
 b - a +1 scale mail (worn)
 c - a +0 shield (worn)
 x - a +0 helmet (worn)
Jewellery
 i - an uncursed ring of fire
 k - an uncursed ring of fire
 m - a ring of protection from fire (right hand)
Wands
 w - a wand of enslavement (8)
Scrolls
 h - 2 scrolls of fog
 p - 2 scrolls of amnesia {unknown}
 q - 3 scrolls of immolation {unknown}
 r - a scroll of magic mapping {unknown}
 t - 2 scrolls of enchant weapon {unknown}
 y - 2 scrolls of remove curse {unknown}
Potions
 d - 2 potions of might
 e - 3 potions of brilliance {unknown}
 g - 3 potions of degeneration {unknown}
 o - 2 potions of berserk rage {unknown}
 s - a potion of magic {unknown}
 u - a potion of cancellation {unknown}
 v - a potion of haste {unknown}
Comestibles
 f - 4 rations


   Skills:
 + Level 3.3 Fighting
 + Level 4.1 Axes
 + Level 3.1 Armour
 + Level 1.3 Dodging
 + Level 0.1 Stealth
 + Level 3.7 Shields


You had 5 spell levels left.
You didn't know any spells.
Your spell library was empty.

Dungeon Overview and Level Annotations

Branches:
Dungeon (4/15)             Temple (0/1) D:4

Altars:
Ashenzari
Fedhas
Gozag
Okawaru

Annotations:
D:4 Blork the orc


Innate Abilities, Weirdness & Mutations

You have extremely sharp teeth.
Your natural rate of healing is unusually fast.
When hurt, damage is shared between your health and your magic reserves.
Your bite disrupts and absorbs the magic of your enemies.
Potions cannot restore your health.
You are immune to rotting.


Message History

Press: ? - help, v - describe, . - travel
Here: Blork the orc, wielding a +0 battleaxe of electrocution and wearing a +2 robe of magic resistance (moderately wounded)
The floor.
Blork the orc mumbles some strange words.
Blork the orc seems to speed up.
The worker ant barely misses you.
The orc wizard mumbles some strange words.
The orc wizard seems to speed up.
Blork the orc gestures at you while chanting.
The magic dart hits you but does no damage.
The orc wizard gestures wildly while chanting.
The orc wizard flickers and vanishes!
Deactivating autopickup; reactivate with Ctrl-A.
You block the worker ant's attack.
Blork the orc hits you with a +0 battleaxe of electrocution!
* * * LOW HITPOINT WARNING * * *
Blork the orc hits you with a +0 battleaxe of electrocution.
* * * LOW HITPOINT WARNING * * *
You are electrocuted!
You die...

...#≈≈≈≈≈≈≈≈≈#.....###.+####.###.
.#.###.....###...###....#.#....##
..[....................##.##.....
.......................#...#.....
#.#########...........##...##....
#......#r ###s........#.....#....
#.o....#. #..#......#.....#....
#......# ###..##................
#......# #...o@..#<.......#####
#......# #.......#..#.....#
#......# #.......#..#..##.#
##+##### ##...#...........#####
.# #................#..# .#
#...#...##........... ##
#...#.†..#...♣P.....# ##
#...##.......PP...... .#
######...#..#.............


You could see Blork the orc.

Vanquished Creatures
  A scorpion (D:4)
  2 hounds (D:4)
  An orc wizard (D:3)
  Robin (D:4)
  5 adders
  4 oozes (D:1)
  2 worms (D:2)
  A dart slug (D:1)
  2 leopard geckos
  6 orcs (D:3)
  2 ball pythons
  9 bats
  2 giant cockroaches
  22 goblins
  8 hobgoblins
  3 jackals (D:1)
  6 kobolds
  A quokka (D:4)
  6 frilled lizards
  10 rats
94 creatures vanquished.

Notes
Turn   | Place    | Note
-------+----------+-------------------------------------------
     0 | D:1      | Kairos the Vine Stalker Fighter began the quest for the
                  | Orb.
     0 | D:1      | Reached XP level 1. HP: 11/11 MP: 2/2
    41 | D:1      | Reached XP level 2. HP: 16/16 MP: 3/3
   125 | D:1      | Reached XP level 3. HP: 12/20 MP: 4/4
   154 | D:1      | Reached skill level 2 in Axes
   679 | D:2      | Gained mutation: Your natural rate of healing is unusually
                  | fast. [Vine Stalker growth]
   679 | D:2      | Reached XP level 4. HP: 24/24 MP: 5/5
  1464 | D:3      | Found an opulent altar of Gozag.
  1570 | D:3      | Found an iron altar of Okawaru.
  1579 | D:3      | Became a worshipper of Warmaster Okawaru
  1607 | D:3      | Reached XP level 5. HP: 28/28 MP: 6/6
  1610 | D:3      | Reached skill level 3 in Axes
  2246 | D:4      | Found a blossoming altar of Fedhas.
  2255 | D:4      | Reached skill level 1 in Dodging
  2256 | D:4      | Reached XP level 6. HP: 29/32 MP: 5/7
  2291 | D:4      | Found a staircase to the Ecumenical Temple.
  2302 | D:4      | Reached skill level 4 in Axes
  2304 | D:4      | Noticed Robin
  2323 | D:4      | Killed Robin
  2361 | D:4      | Found a shattered altar of Ashenzari.
  2605 | D:4      | Noticed Blork the orc
  2624 | D:4      | Slain by Blork the orc

Skill      XL: |  1  2  3  4  5  6 |
---------------+-------------------+-----
Shields        | 3 |  3.7
Fighting       | 3 |  3.3
Axes           | 2 3 4 |  4.1
Armour         | 3 |  3.1
Dodging        | 1 |  1.3
Stealth        | |  0.1

Action                   |  1- 3 |  4- 6 || total
-------------------------+-------+-------++-------
Melee: War axe           |    92 |   162 ||   254
       Bite              |    17 |    41 ||    58
  Use: Scroll            |       |     3 ||     3
  Eat: Chunk             |       |     6 ||     6
Armor: Scale mail        |    54 |    56 ||   110
Dodge: Dodged            |    28 |    63 ||    91
Block: Shield            |    49 |   114 ||   163
